 Dungeon Crawl Stone Soup version 0.21.1-1-g345015f (webtiles) character file.

23 Iko the Magician (level 2, 0/20 HPs)
             Began as a Minotaur Wizard on May 10, 2018.
             Was an Initiate of Ru.
             Slain by an orc
             ... wielding a +0 club
              (2 damage)
             ... on level 3 of the Dungeon.
             The game lasted 00:04:04 (288 turns).

Iko the Magician (Minotaur Wizard)                   Turns: 288, Time: 00:04:05

Health: 0/20       AC:  3    Str: 11    XL:     2   Next: 72%
Magic:  1/4        EV: 11    Int: 15    God:    Ru [......]
Gold:   28         SH:  0    Dex:  8    Spells: 5/6 levels left

rFire    . . .     SeeInvis .   i - +0 war axe
rCold    . . .     Gourm    .   (no shield)
rNeg     . . .     Faith    .   f - +0 leather armour
rPois    .         Spirit   .   b - +0 hat
rElec    .         Reflect  .   (no cloak)
rCorr    .         Harm     .   (no gloves)
MR       .....                  (no boots)
Stlth    +.........             (no amulet)
HPRegen  0.06/turn              (no ring)
MPRegen  0.09/turn              (no ring)

@: very slightly contaminated
A: retaliatory headbutt, horns 2
a: Renounce Religion


You were on level 3 of the Dungeon.
You worshipped Ru.
Ru was noncommittal.
You were not hungry.

You visited 1 branch of the dungeon, and saw 3 of its levels.

You collected 28 gold pieces.

Inventory:

Hand Weapons
 i - a +0 war axe (weapon)
Armour
 b - a +0 hat (worn)
 f - a +0 leather armour (worn)
Potions
 h - a potion of resistance {unknown}
Books
 c - a book of Minor Magic

   Spells                             Type                      Level
   a - Magic Dart                     Conjuration                  1
   b - Blink                          Translocation                2
   c - Call Imp                       Summoning                    2
   d - Slow                           Hexes                        2
   e - Conjure Flame                  Conjuration/Fire             3
   f - Mephitic Cloud                 Conjuration/Poison/Air       3
Comestibles
 d - 2 rations


   Skills:
 + Level 0.3 Fighting
 + Level 2.3 Dodging
 + Level 1.7 Stealth
 + Level 0.1 Unarmed Combat
 + Level 2.7 Spellcasting
 + Level 0.6 Conjurations
   Level 0.6 Summonings
   Level 0.6 Translocations


You had 5 spell levels left.
You knew the following spells:

 Your Spells              Type           Power        Failure   Level  Hunger
a - Magic Dart            Conj           #...         22%         1    #......


Dungeon Overview and Level Annotations

Branches:
Dungeon (3/15)

Altars:
Cheibriados
Gozag
Ru
Wu Jian

Annotations:
D:3 Zachthehappycat's ghost, amateur SpEn


Innate Abilities, Weirdness & Mutations

You reflexively headbutt those who attack you in melee.
You have a pair of horns on your head.


Message History

The orc shouts!
You slash the adder zombie!
The adder zombie is almost destroyed.
The adder zombie bites you.
The orc moves out of view.
You slash the adder zombie!
You destroy the adder zombie!
You barely miss the orc. The orc hits you with a club.
You barely miss the orc. The orc hits you but does no damage.
The orc hits you with a club.
* * * LOW HITPOINT WARNING * * *
You slash the orc!
You kill the orc!
You barely miss the orc. The orc hits you with a club.
* * * LOW HITPOINT WARNING * * *
The orc hits you.
* * * LOW HITPOINT WARNING * * *
You hit the orc.
The orc is lightly wounded.
You hit the worm. You closely miss the orc. The orc hits you with a club.
You die...

###. #.. . ##..
.. ###(.. .
.!#....#### ##..
o.......#....#
##.#...(.....#
#..oo@.......[
#...#.ow........
#.. #...........
# ##.......(.=
##...#.....
#####....? ....
....


You could see a worm and 3 orcs.

Vanquished Creatures
  An adder zombie (D:3)
  A leopard gecko (D:2)
  An orc (D:3)
  2 giant cockroaches (D:1)
  A goblin (D:3)
  4 hobgoblins
  A kobold (D:2)
  A quokka (D:3)
  A ball python (D:2)
  2 frilled lizards
  A rat (D:1)
16 creatures vanquished.

Notes
Turn   | Place    | Note
-------+----------+-------------------------------------------
     0 | D:1      | Iko the Minotaur Wizard began the quest for the Orb.
     0 | D:1      | Reached XP level 1. HP: 14/14 MP: 2/2
   100 | D:1      | Reached XP level 2. HP: 19/20 MP: 2/4
   121 | D:2      | Found a snail-covered altar of Cheibriados.
   121 | D:2      | Found a sacrificial altar of Ru.
   121 | D:2      | Found an ornate altar of the Wu Jian Council.
   121 | D:2      | Found an opulent altar of Gozag.
   164 | D:2      | Became a worshipper of Ru the Awakened
   262 | D:3      | Noticed Zachthehappycat's ghost (amateur SpEn)
   288 | D:3      | Slain by an orc

Action                   || total
-------------------------++-------
Melee: Unarmed           ||    11
       Short sword       ||    11
       War axe           ||    13
       Headbutt          ||     1
 Cast: Magic Dart        ||    13
  Use: Potion            ||     1
       Scroll            ||     2
Armor: Robe              ||     3
       Leather armour    ||     7
Dodge: Dodged            ||    15
